 Dungeon Crawl Stone Soup version 0.24.0-41-g2ae2f7f1be (webtiles) character file.

Game seed: 1116673984257468611, levelgen mode: deterministic

9950 Iamsoldier the Slicer (level 11, -3/86 HPs)
             Began as a Demonspawn Assassin on Dec 13, 2019.
             Was a Believer of Dithmenos.
             Slain by a freezing wraith (9 damage)
             ... on level 10 of the Dungeon.
             The game lasted 00:19:18 (13371 turns).

Iamsoldier the Slicer (Demonspawn Assassin)        Turns: 13371, Time: 00:19:19

Health: -3/86      AC:  7    Str: 11      XL:     11   Next: 29%
Magic:  0/12       EV: 12    Int: 12 (14) God:    Dithmenos [**....]
Gold:   133        SH:  0    Dex: 15 (17) Spells: 10/10 levels left

rFire    . . .     SeeInvis .   a - +2 dagger (venom)
rCold    . . .     Gourm    .   (no shield)
rNeg     + . .     Faith    .   F - +2 leather armour {MR+}
rPois    .         Spirit   +   b - +1 hat
rElec    .         Reflect  .   E - scarf {repulsion}
rCorr    .         Harm     .   p - +0 pair of gloves
MR       +....                  (no boots)
Stlth    +++.......             (no amulet)
HPRegen  0.24/turn              c - ring of positive energy
MPRegen  0.26/turn              (no ring)

@: slowed, wreathed by umbra, extremely drained, repel missiles, very slow
A: antennae 1, powered by death 2, magic shield, magic regeneration, sturdy
frame 1
a: Shadow Step, Renounce Religion


You were on level 10 of the Dungeon.
You worshipped Dithmenos.
Dithmenos was pleased with you.
You were not hungry.

You visited 2 branches of the dungeon, and saw 11 of its levels.

You collected 511 gold pieces.
You spent 378 gold pieces at shops.

Inventory:

Hand Weapons
 a - a +2 dagger of venom (weapon)
Missiles
 e - 2 curare-tipped darts
 f - 33 poisoned darts (quivered)
Armour
 b - a +1 hat (worn)
 p - a +0 pair of gloves (worn)
 E - a scarf of repulsion (worn)
 F - a +2 leather armour of magic resistance (worn)
Jewellery
 c - a ring of positive energy (left hand)
Wands
 j - a wand of enslavement (2)
 D - a wand of flame (23)
Scrolls
 g - a scroll of fog {unknown}
 h - 7 scrolls of identify
 i - a scroll of random uselessness {unknown}
 k - 3 scrolls of enchant weapon {unknown}
 l - 2 scrolls of amnesia {unknown}
 q - 3 scrolls of remove curse
 u - a scroll of blinking {unknown}
 v - 7 scrolls of enchant armour {unknown}
 y - a scroll of noise {unknown}
 z - a scroll of immolation {unknown}
 C - 3 scrolls of teleportation {unknown}
Potions
 m - 2 potions of heal wounds
 t - a potion of haste
 A - a potion of flight
Comestibles
 d - 9 rations
 n - 2 chunks of flesh


   Skills:
 + Level 8.3(2.2) Fighting
 - Level 10.1(3.7) Short Blades
 + Level 2.7(0.0) Throwing
 + Level 7.3(1.4) Dodging
 + Level 8.9(2.7) Stealth
 + Level 2.6(0.0) Invocations


You had 10 spell levels left.
You didn't know any spells.
Your spell library contained the following spells:

 Spells                   Type           Power        Failure   Level  Hunger
 Beastly Appendage        Tmut           #.....       34%         1    ##.....
 Magic Dart               Conj           #...         34%         1    ##.....
 Blink                    Tloc           N/A          47%         2    ###....
 Call Imp                 Summ           #.......     47%         2    ###....
 Slow                     Hex            #.......     47%         2    ###....
 Sticks to Snakes         Tmut           #.......     47%         2    ###....
 Conjure Flame            Conj/Fire      #.......     71%         3    ####...
 Mephitic Cloud           Conj/Pois/Air  #.......     71%         3    ####...
 Spider Form              Tmut/Pois      #.........   71%         3    ####...
 Ice Form                 Ice/Tmut       #.......     98%         4    #####..
 Blade Hands              Tmut           #.........   100%        5    ######.


Dungeon Overview and Level Annotations

Branches:
Dungeon (10/15)            Temple (1/1) D:5            Lair (0/6) D:8
    Orc: D:9-12

Altars:
Ashenzari
Cheibriados
Dithmenos
Elyvilon
Fedhas
Gozag
Hepliaklqana
Kikubaaqudgha
Makhleb
Nemelex Xobeh
Okawaru
Qazlal
Ru
Sif Muna
Trog
Uskayaw
Vehumet
Wu Jian
Xom
Yredelemnul
Zin
The Shining One

Shops:
D:8 [


Innate Abilities, Weirdness & Mutations

You have a pair of small antennae on your head.
You regenerate health from kills.
When hurt, damage is shared between your health and your magic reserves.
You regenerate magic rapidly.
Your movements are slightly less encumbered by armour. (ER -2)


Message History

The freezing wraith is lightly damaged.
The freezing wraith barely misses you. x2
The freezing wraith barely misses you.
The freezing wraith completely misses you.
Things that are here:
a +0 dagger; a +0 robe; a +0 giant club The freezing wraith hits you!
The freezing wraith freezes you!!
* * * LOW HITPOINT WARNING * * *
The freezing wraith hits you.
* * * LOW HITPOINT WARNING * * *
The freezing wraith drains your vigour!
You feel as though you will be slow longer.
Press: ? - help, v - describe, . - travel A rock wall.
This square is wreathed by an umbra.
The freezing wraith completely misses you.
The freezing wraith hits you.
* * * LOW HITPOINT WARNING * * *
The freezing wraith hits you!
You die...

.......##.##)### #####
#......[<).# ....#
#..##.#[#......./
#.#.####.########.....#.#........
#.#....#..............#..........
#.#...########..........#########
.........)).##.####..##.#
#...#######.##.......##.#
......## #...hW@....##.#
..h....######.#.##......#
.......#....#.#)#.......#
.......#.##.#.#.#......##
....(..'..#.#.#.#......#
.......##.#.#.#.#...รท..#
'##'#...#.#.#...#......#
..........#W#####.#...##
#.........#.#.....#.#.###


You could see a freezing wraith and a black bear.

Vanquished Creatures
  Gastronok (D:8)
  A two-headed ogre (D:8)
  Nergalle (D:10)
  Pikel (D:7)
  Maurice (D:8)
  A hornet (D:7)
  Prince Ribbit (D:8)
  A hippogriff (D:7)
  10 yaks
  Sigmund (D:3)
  A basilisk (D:8)
  Edmund (D:5)
  3 porcupines
  A water moccasin (D:8)
  Duvessa (D:6)
  An orc warrior (D:7)
  2 ice beasts
  A sky beast (D:5)
  2 slaves (D:7)
  A black bear (D:5)
  5 ogres
  3 centaurs
  3 crocodiles (D:8)
  A big kobold (D:7)
  5 bullfrogs
  Dowan (D:6)
  2 scorpions
  5 wights
  4 howler monkeys
  2 crimson imps
  3 hounds
  A quasit (D:6)
  2 centaur zombies
  A jelly (D:5)
  A bullfrog zombie (D:5)
  4 orc priests
  2 iguanas
  5 orc wizards
  12 worker ants
  Terence (D:2)
  2 hound skeletons (D:7)
  3 gnolls (D:4)
  11 adders
  A shadow imp (D:6)
  5 adder skeletons
  An adder zombie (D:9)
  5 dart slugs
  6 leopard geckos
  23 orcs
  6 bats
  4 giant cockroaches (D:5)
  8 goblins
  6 hobgoblins
  10 jackals
  14 kobolds
  8 quokkas
  A ball python (D:2)
  A leopard gecko skeleton (D:4)
  A leopard gecko zombie (D:7)
  3 quokka skeletons
  5 rats
220 creatures vanquished.

Vanquished Creatures (others)
  A bush (D:8)
  2 fungi (D:8)
  14 plants (D:8)
17 creatures vanquished.

Grand Total: 237 creatures vanquished

Notes
Turn   | Place    | Note
-------+----------+-------------------------------------------
     0 | D:1      | Iamsoldier the Demonspawn Assassin began the quest for the
                  | Orb.
     0 | D:1      | Reached XP level 1. HP: 16/16 MP: 1/1
   107 | D:1      | Reached skill level 1 in Dodging
   156 | D:1      | Reached skill level 2 in Short Blades
   520 | D:1      | Gained mutation: You have a pair of small antennae on your
                  | head. [demonic ancestry]
   520 | D:1      | Reached XP level 2. HP: 22/22 MP: 2/2
  1149 | D:2      | Gained mutation: When hurt, damage is shared between your
                  | health and your magic reserves. [demonic ancestry]
  1149 | D:2      | Reached XP level 3. HP: 28/28 MP: 3/3
  1200 | D:2      | Found a shattered altar of Ashenzari.
  1284 | D:2      | Found a bloodstained altar of Trog.
  1368 | D:2      | Found a faded altar of an unknown god.
  1535 | D:2      | Noticed Terence
  1540 | D:2      | Killed Terence
  1540 | D:2      | Reached XP level 4. HP: 34/34 MP: 4/4
  1561 | D:2      | Found a glowing golden altar of the Shining One.
  1570 | D:2      | Found a basalt altar of Yredelemnul.
  1572 | D:2      | Noticed a profane servitor
  1705 | D:2      | Noticed an angel
  1848 | D:3      | Noticed Sigmund
  1858 | D:3      | Killed Sigmund
  1858 | D:3      | Reached skill level 3 in Short Blades
  1858 | D:3      | Gained mutation: You regenerate magic rapidly. [demonic
                  | ancestry]
  1858 | D:3      | Reached XP level 5. HP: 14/41 MP: 2/5
  2254 | D:3      | Found a white marble altar of Elyvilon.
  2470 | D:3      | Reached XP level 6. HP: 47/47 MP: 6/6
  2684 | D:4      | Reached skill level 4 in Short Blades
  2971 | D:4      | Identified the +2 mace "Poubycwo" {crush, *Rage rPois Str+8
                  | Int-2} (You found it on level 4 of the Dungeon)
  3137 | D:4      | Gained mutation: Your movements are slightly less
                  | encumbered by armour. (ER -2) [demonic ancestry]
  3137 | D:4      | Reached XP level 7. HP: 53/53 MP: 7/7
  3230 | D:4      | Reached skill level 5 in Stealth
  4008 | D:5      | Entered Level 5 of the Dungeon
  4056 | D:5      | Reached skill level 5 in Short Blades
  4404 | D:5      | Found an ancient bone altar of Kikubaaqudgha.
  4405 | D:5      | Found a blossoming altar of Fedhas.
  4465 | D:5      | Found a staircase to the Ecumenical Temple.
  4938 | D:5      | Gained mutation: You regenerate a little health from kills.
                  | [demonic ancestry]
  4938 | D:5      | Reached XP level 8. HP: 32/61 MP: 4/8
  4953 | D:5      | HP: 3/61 [sky beast (5)]
  5298 | D:5      | Noticed Edmund
  5301 | D:5      | Killed Edmund
  5301 | D:5      | Reached skill level 6 in Short Blades
  5312 | D:5      | Reached skill level 5 in Fighting
  5344 | Temple   | Entered the Ecumenical Temple
  5565 | Temple   | Became a worshipper of Dithmenos the Shadowed
  5615 | D:6      | Found a hazy altar of Hepliaklqana.
  5926 | D:6      | Noticed Dowan
  5929 | D:6      | Noticed Duvessa
  5947 | D:6      | Killed Duvessa
  5968 | D:6      | Killed Dowan
  6838 | D:7      | Reached skill level 7 in Short Blades
  6860 | D:7      | Reached XP level 9. HP: 66/68 MP: 7/9
  7078 | D:7      | Reached skill level 5 in Dodging
  7476 | D:7      | Reached * piety under Dithmenos
  7586 | D:7      | Found a sparkling altar of Nemelex Xobeh.
  7635 | D:7      | Noticed Pikel
  7683 | D:7      | Killed Pikel
  8617 | D:7      | Reached skill level 8 in Short Blades
  8695 | D:8      | Noticed Prince Ribbit
  8701 | D:8      | Killed Prince Ribbit
  8779 | D:8      | Found an opulent altar of Gozag.
  8780 | D:8      | Noticed Maurice
  8805 | D:8      | Killed Maurice
  8875 | D:8      | Found a staircase to the Lair.
  8909 | D:7      | Gained mutation: You regenerate health from kills. [demonic
                  | ancestry]
  8909 | D:7      | Reached XP level 10. HP: 34/77 MP: 8/10
  9448 | D:8      | Found a radiant altar of Vehumet.
  9900 | D:8      | Reached skill level 9 in Short Blades
 10334 | D:8      | Found an iron altar of Okawaru.
 10355 | D:8      | Found Vuosu's Antique Armour Shop.
 10375 | D:8      | Reached ** piety under Dithmenos
 10389 | D:8      | Bought a dyed leather armour for 105 gold pieces
 10389 | D:8      | Bought a glowing scarf for 168 gold pieces
 10389 | D:8      | Bought a runed leather armour for 105 gold pieces
 10558 | D:8      | Noticed Gastronok
 10588 | D:8      | Killed Gastronok
 10804 | D:8      | Found a burning altar of Makhleb.
 10987 | D:9      | Noticed a two-headed ogre
 11436 | D:8      | Killed a two-headed ogre
 11436 | D:8      | Reached skill level 10 in Short Blades
 11436 | D:8      | Reached XP level 11. HP: 72/86 MP: 11/11
 11652 | D:9      | Reached skill level 1 in Invocations
 12011 | D:10     | Entered Level 10 of the Dungeon
 12013 | D:10     | Noticed Nergalle
 13021 | D:10     | Killed Nergalle
 13371 | D:10     | Slain by a freezing wraith

Levels and vault maps discovered:
D:1:      roderic_chinese_lattice_arrival, layout_loops_corners
D:2:      layout_rooms, grunt_temple_overflow_holy_war, marbit_many_paths,
          lemuel_coloured_pillars_altar, chequers_ecumenical_altar_grove,
          st_stairs_3, uniq_terence
D:3:      layout_loops_ring, lemuel_crystal_altar, uniq_sigmund
D:4:      layout_loops_ring, first_ration, minmay_misc_feat_tower
D:5:      layout_rooms, grunt_temple_overflow_growth_and_decay,
          minmay_temple_entry_tees, uniq_edmund
D:6:      layout_basic, lemuel_crystal_altar, uniq_duvessa
D:7:      layout_layer_cave, nemelex_xobeh_ov_fountains_minmay, uniq_pikel
D:8:      layout_loops_ring, lemuel_round_altar, overflow_temple_1_default,
          lemuel_doored_altar, kennysheep_mini_moat, minmay_lair_entry_grove,
          serial_shops, nicolae_shop_overgrown_old_shop, uniq_gastronok,
          uniq_prince_ribbit1, uniq_maurice
D:9:      layout_rooms
D:10:     layout_basic, orc_0_dummy, uniq_josephine, uniq_nergalle
Temple:   jpeg_temple_island

Skill      XL: |  1  2  3  4  5  6  7  8  9 10 11 |
---------------+----------------------------------+-----
Dodging        | 1 2 3 4 5 7 |  7.3
Short Blades   | 2 3 4 5 7 8 10 | 10.1
Stealth        | 4 5 6 7 8 |  8.9
Fighting       | 3 4 5 6 7 8 |  8.3
Throwing       | 2 |  2.7
Invocations    | 2 |  2.6

Action                   |  1- 3 |  4- 6 |  7- 9 | 10-12 || total
-------------------------+-------+-------+-------+-------++-------
Melee: Dagger            |    81 |   122 |   491 |   608 ||  1302
Throw: Dart              |       |       |       |     5 ||     5
Evoke: Wand              |       |       |       |     3 ||     3
  Use: Potion            |       |     2 |     6 |     6 ||    14
       Scroll            |       |     1 |       |     1 ||     2
 Stab: Sleeping          |    11 |    10 |     9 |    15 ||    45
       Invisible         |       |     1 |       |       ||     1
       Distracted        |       |       |     5 |       ||     5
  Eat: Chunk             |     2 |     5 |     8 |    12 ||    27
       Ration            |       |       |     3 |     1 ||     4
Armor: Robe              |     7 |    16 |     1 |       ||    24
       Leather armour    |       |       |    88 |    54 ||   142
       Skin              |       |       |       |    56 ||    56
Dodge: Dodged            |    29 |    80 |   313 |   310 ||   732
